[Event "Titled Tuesday Blitz April 25 Early 2023"]
[White "Sanchez, Robert"]
[Black "Koridze, Lile"]
[WhiteFideId "2034360"]
[BlackFideId "13612514"]
[WhiteElo "1947"]
[BlackElo "2047"]
[Result "0-1"]
[Round "02"]
[TimeControl "180+2"]
[Date "2023.04.25"]
[WhiteClock "0:01:48"]
[BlackClock "0:02:09"]

1. e4 c5 2. Nf3 d6 3. d4 cxd4 4. Nxd4 Nf6 5. Nc3 a6 6. Be3 e5 7. Nb3 Be7 8. f3 O-O 9. Qd2 Be6 10. O-O-O b5 11. g4 Nc6 12. g5 Nd7 13. Nd5 Nc5 14. Nxc5 dxc5 15. Nxe7+ Qxe7 16. h4 Rfd8 17. Qe1 c4 18. Be2 b4 19. Qf2 Nd4 20. Bxd4 exd4 21. Rxd4 c3 22. b3 Rxd4 23. Qxd4 a5 24. Rd1 a4 25. Kb1 axb3 26. cxb3 Qe8 27. Qxb4 c2+ 28. Kxc2 Rxa2+ 29. Kb1 Rxe2 30. Qe7 Qxe7 0-1


[Site "https://www.chess.com"]

[Event "Titled Tuesday Blitz April 25 Early 2023"]
[White "Harriott, Tyrell"]
[Black "Vargas, Mauricio"]
[WhiteFideId "2086484"]
[BlackFideId "4404572"]
[WhiteElo "2107"]
[BlackElo "1998"]
[Result "1-0"]
[Round "02"]
[TimeControl "180+2"]
[Date "2023.04.25"]
[WhiteClock "0:02:18"]
[BlackClock "0:01:32"]

1. d4 Nf6 2. e3 e6 3. Bd3 b6 4. f4 Bb7 5. Nf3 d6 6. Nbd2 Nbd7 7. O-O c5 8. c3 Rc8 9. e4 g6 10. Qe2 Bg7 11. e5 dxe5 12. fxe5 Nd5 13. Ne4 O-O 14. Nd6 Rc6 15. Nxb7 Qc7 16. Nd6 f6 17. a3 fxe5 18. dxe5 Nf4 19. Bxf4 Rxf4 20. Nb5 Qb8 21. Bc4 Nxe5 22. Nxe5 Rxf1+ 23. Rxf1 Bxe5 24. g3 a6 25. Qf3 Qb7 26. Qf8# 1-0


[Site "https://www.chess.com"]

[Event "Titled Tuesday Blitz April 25 Early 2023"]
[White "Butolo, Alexandru-Mircea"]
[Black "Van Foreest, Machteld"]
[WhiteFideId "1261649"]
[BlackFideId "1051563"]
[WhiteElo "1861"]
[BlackElo "2018"]
[Result "1-0"]
[Round "02"]
[TimeControl "180+2"]
[Date "2023.04.25"]
[WhiteClock "0:00:20"]
[BlackClock "0:00:01"]

1. Nf3 e6 2. g3 d5 3. Bg2 Nf6 4. O-O Be7 5. c4 O-O 6. d4 c5 7. cxd5 Nxd5 8. e4 Nb4 9. a3 N4a6 10. Be3 Nc6 11. d5 exd5 12. exd5 Na5 13. Nc3 Nc4 14. Qe2 Nxe3 15. Qxe3 Re8 16. Rad1 Bg4 17. Qd3 Bd6 18. Nd2 Bxd1 19. Rxd1 Qe7 20. Nde4 Rad8 21. Nxd6 Qxd6 22. Ne4 Qe5 23. d6 Nc7 24. f4 Qh5 25. Bf3 Qg6 26. Nxc5 Qxd3 27. Rxd3 Ne6 28. Nxb7 Rb8 29. d7 Rf8 30. b4 Nd8 31. Nxd8 Rfxd8 32. Bc6 Rb6 33. b5 f6 34. Re3 Kf7 35. a4 Rbb8 36. Re8 g5 37. Bd5+ Kg7 38. Re7+ Kh8 39. Be4 gxf4 40. Rxh7+ Kg8 41. Re7 fxg3 42. hxg3 Kf8 43. Rh7 Kg8 44. Re7 Kf8 45. Rh7 Rb6 46. Bc6 Rbb8 47. Rh8+ Ke7 48. Re8+ Kd6 49. Kg2 a6 50. Kf3 axb5 51. axb5 Kc5 52. Kf4 Kd6 53. Kf5 Kc5 54. Kxf6 Kd4 55. g4 Kc5 56. g5 Kd6 57. g6 Kc7 58. g7 Rb7 59. g8=Q 1-0


[Site "https://www.chess.com"]

[Event "Titled Tuesday Blitz April 25 Early 2023"]
[White "Mammadov, Ziya"]
[Black "Smiechu"]
[WhiteFideId "13418890"]
[WhiteElo "1583"]
[BlackElo "2405"]
[Result "0-1"]
[Round "02"]
[TimeControl "180+2"]
[Date "2023.04.25"]
[WhiteClock "0:01:39"]
[BlackClock "0:02:14"]

1. e4 c5 2. Nf3 g6 3. d4 cxd4 4. Nxd4 Nc6 5. Nc3 Bg7 6. Be3 Nf6 7. f3 O-O 8. Bc4 Qb6 9. Bb3 Nxe4 10. Nf5 Nxc3 11. bxc3 Bxc3+ 12. Kf2 Qb5 13. Nh6+ Kg7 14. Ng4 d6 15. Bh6+ Kg8 16. Bxf8 Kxf8 17. Qd3 Qxd3 18. cxd3 Bxa1 19. Rxa1 Bxg4 20. fxg4 Ne5 21. Bd5 Nxd3+ 22. Kg3 Nc5 23. Rf1 e6 24. Bc4 d5 25. Bb5 a6 26. Be2 Ne4+ 27. Kh3 Rc8 28. Rb1 b5 29. g3 Ke7 30. Bf3 Nd2 0-1


[Site "https://www.chess.com"]

[Event "Titled Tuesday Blitz April 25 Early 2023"]
[White "Smirnov, Pavel"]
[Black "Nakamura, Hikaru"]
[WhiteFideId "4123425"]
[BlackFideId "2016192"]
[WhiteElo "2519"]
[BlackElo "2885"]
[Result "0-1"]
[Round "03"]
[TimeControl "180+2"]
[Date "2023.04.25"]
[WhiteClock "0:01:40"]
[BlackClock "0:02:13"]

1. d4 Nf6 2. c4 e6 3. g3 Bb4+ 4. Bd2 c5 5. Bxb4 cxb4 6. Bg2 a5 7. Nd2 d6 8. e3 Na6 9. Ne2 O-O 10. O-O Ra7 11. a3 b6 12. axb4 Nxb4 13. Nc3 Ba6 14. e4 e5 15. d5 Rc7 16. b3 Nd7 17. f4 Nc5 18. Qf3 Nc2 19. Rab1 Nd4 20. Qe3 f6 21. h4 Bc8 22. Kh2 Bg4 23. b4 axb4 24. Rxb4 Nc2 0-1


[Site "https://www.chess.com"]

[Event "Titled Tuesday Blitz April 25 Early 2023"]
[White "Naroditsky, Daniel"]
[Black "Beerdsen, Thomas"]
[WhiteFideId "2026961"]
[BlackFideId "1030108"]
[WhiteElo "2633"]
[BlackElo "2547"]
[Result "1-0"]
[Round "03"]
[TimeControl "180+2"]
[Date "2023.04.25"]
[WhiteClock "0:00:10"]
[BlackClock "0:00:35"]

1. d4 Nf6 2. Nc3 g6 3. e4 d5 4. e5 Ne4 5. Nce2 f6 6. h4 fxe5 7. f3 Nd6 8. dxe5 Nf5 9. g4 Ng7 10. Nf4 c6 11. Bd3 Ne6 12. Nge2 Bg7 13. h5 gxh5 14. Rxh5 Nxf4 15. Bxf4 Nd7 16. Bxh7 Nxe5 17. Nd4 Qb6 18. Bxe5 Bxe5 19. Rxe5 Rxh7 20. Kf2 Bd7 21. Qd3 Rf7 22. Rae1 Bxg4 23. Kg3 Bxf3 24. Qg6 O-O-O 25. Qxf7 Qxd4 26. Kxf3 Rh8 27. Qf5+ Kb8 28. Rxe7 a5 29. Qe5+ Qxe5 30. R7xe5 Rh3+ 31. Ke2 a4 32. a3 Ka7 33. Kd2 b5 34. Re6 Kb6 35. R1e3 Rh2+ 36. Re2 Rh1 37. Rf2 Kc5 38. Rff6 Rh2+ 39. Kd3 Rh3+ 40. Re3 Rh1 41. Rg3 Rd1+ 42. Ke2 Rb1 43. Rgg6 Rxb2 44. Rxc6+ Kd4 45. Rg4+ Ke5 46. Rb4 Ra2 47. Rxb5 Rxa3 48. Rcc5 Kd4 49. Rxd5+ Kc4 50. Rdc5+ Kd4 51. Kd2 Ra2 52. Rd5+ Kc4 53. Rdc5+ Kd4 54. Rh5 Kc4 55. Rbg5 Kb4 56. Rg4+ Ka3 57. Rh3+ Kb2 58. Rb4+ Ka1 59. Rh1# 1-0


[Site "https://www.chess.com"]

[Event "Titled Tuesday Blitz April 25 Early 2023"]
[White "Caruana, Fabiano"]
[Black "Shomoev, Anton"]
[WhiteFideId "2020009"]
[BlackFideId "4135148"]
[WhiteElo "2837"]
[BlackElo "2451"]
[Result "1-0"]
[Round "03"]
[TimeControl "180+2"]
[Date "2023.04.25"]
[WhiteClock "0:00:25"]
[BlackClock "0:00:07"]

1. e4 c5 2. Nf3 d6 3. d4 cxd4 4. Nxd4 Nf6 5. Nc3 a6 6. Rg1 h6 7. g4 g5 8. Be3 Nbd7 9. Qd2 Ne5 10. f3 e6 11. O-O-O Nfd7 12. h4 Be7 13. Rh1 Ng6 14. hxg5 hxg5 15. Rh5 Nde5 16. Bxg5 Bxg5 17. Rxg5 Qf6 18. Rh5 Rxh5 19. gxh5 Nf4 20. Nf5 Nxh5 21. Nxd6+ Kf8 22. Nc4 Nxc4 23. Bxc4 Qf4 24. a4 Ke7 25. a5 Bd7 26. Ne2 Qxd2+ 27. Kxd2 Rc8 28. b3 Rg8 29. Ke3 Rg2 30. Rh1 Ng3 31. Rg1 Rxg1 32. Nxg1 e5 33. Bd5 Bc8 34. c4 f5 35. Ne2 f4+ 36. Kd3 Kd6 37. b4 Nf1 38. Nc3 Kc7 39. Bf7 Bh3 40. Nd5+ Kc6 41. Be8+ Kd6 42. c5+ Ke6 43. b5 axb5 44. c6 bxc6 45. a6 cxd5 46. a7 dxe4+ 47. fxe4 Ne3 48. a8=Q Bf1+ 49. Kd2 Bc4 50. Qd8 1-0


[Site "https://www.chess.com"]

[Event "Titled Tuesday Blitz April 25 Early 2023"]
[White "Azarov, Sergei"]
[Black "So, Wesley"]
[WhiteFideId "13501470"]
[BlackFideId "5202213"]
[WhiteElo "2475"]
[BlackElo "2749"]
[Result "0-1"]
[Round "03"]
[TimeControl "180+2"]
[Date "2023.04.25"]
[WhiteClock "0:00:02"]
[BlackClock "0:00:13"]

1. e4 e5 2. Nf3 Nc6 3. Bb5 g6 4. d4 exd4 5. c3 a6 6. Bc4 Bg7 7. Bg5 Nge7 8. cxd4 h6 9. Bh4 O-O 10. O-O g5 11. Bg3 d5 12. exd5 Nxd5 13. Nc3 Nb6 14. Bb3 Bg4 15. h3 Bh5 16. Qd3 Rc8 17. Rad1 Re8 18. a3 Qf6 19. Ne4 Qf5 20. Nc5 Qxd3 21. Rxd3 Na5 22. Ba2 Nac4 23. Nxb7 Nxb2 24. Rb3 N2c4 25. Nc5 Re7 26. Rc3 Bxf3 27. gxf3 Bxd4 28. Rxc4 Nxc4 29. Ne4 Ne5 30. Kg2 Kg7 31. Rd1 Rd8 32. f4 gxf4 33. Bh4 Red7 34. Bxd8 Rxd8 35. Rb1 c5 36. Rb7 Rd7 37. Rb6 c4 38. Nd6 Bxb6 39. Nxc4 Nxc4 40. Bxc4 a5 0-1


[Site "https://www.chess.com"]

[Event "Titled Tuesday Blitz April 25 Early 2023"]
[White "Firouzja, Alireza"]
[Black "Kosakowski, Jakub"]
[WhiteFideId "12573981"]
[BlackFideId "1185080"]
[WhiteElo "2904"]
[BlackElo "2488"]
[Result "1/2-1/2"]
[Round "03"]
[TimeControl "180+2"]
[Date "2023.04.25"]
[WhiteClock "0:00:08"]
[BlackClock "0:00:06"]

1. d4 Nf6 2. c4 g6 3. Nc3 Bg7 4. e4 d6 5. Nf3 O-O 6. Be2 e5 7. O-O Nc6 8. d5 Ne7 9. b4 a5 10. Ba3 axb4 11. Bxb4 Re8 12. c5 dxc5 13. Bxc5 c6 14. d6 Qa5 15. Qb3 Qxc5 16. Ng5 Ned5 17. exd5 Ra3 18. Nce4 Qa5 19. Nxf6+ Bxf6 20. d7 Bxd7 21. Qxb7 Bxg5 22. Qxd7 Rd8 23. Qg4 h6 24. dxc6 Rc3 25. h4 Rd4 26. Qc8+ Rd8 27. Qb7 Bxh4 28. Rad1 Rxd1 29. Rxd1 Qc5 30. Rf1 Qxc6 31. Qb8+ Kg7 32. Qxe5+ Bf6 33. Qf4 Rc2 34. Bf3 Qb6 35. Bd5 Qd4 36. Qxd4 Bxd4 37. Bb3 Rb2 38. g4 Kf6 39. Kg2 h5 40. gxh5 gxh5 41. Kg3 Kg5 42. f4+ Kf5 43. Bxf7 h4+ 44. Kxh4 Rf2 45. Rd1 Rxf4+ 46. Kg3 Be5 47. Kg2 Rg4+ 48. Kf1 Rf4+ 49. Ke2 Re4+ 50. Kf3 Rf4+ 51. Kg2 Rg4+ 52. Kh3 Rg3+ 53. Kh4 Rf3 54. Be6+ Kxe6 55. Rg1 Kf5 56. Rg5+ Kf6 57. Rg2 Kf5 58. Rg5+ Kf4 59. Rg4+ Ke3 60. Kg5 Rf2 61. Kg6 Rxa2 62. Kf5 Bd4 63. Rg3+ Kf2 64. Rh3 Kg2 65. Rd3 Bf2 66. Ke4 Ra4+ 67. Kf5 Bg3 68. Re3 Kh3 69. Re4 Ra5+ 70. Kg6 Kg2 71. Rc4 Kf3 72. Rd4 Bf4 73. Rc4 Kg4 74. Rc6 Rg5+ 75. Kf7 Kf5 76. Rf6+ Ke5 77. Re6+ Kd5 78. Rg6 Rh5 79. Rf6 Be5 80. Kg6 Rh1 81. Rf2 Ke6 82. Rg2 Rh3 83. Rg4 Rf3 84. Rg5 Rf8 85. Rg4 Rg8+ 86. Kh5 Bg7 87. Kg6 Bf6+ 88. Kh5 Rh8+ 89. Kg6 Be5 90. Rg5 Rg8+ 91. Kh5 Rf8 92. Kg6 Rf6+ 93. Kh5 Kf7 94. Rxe5 Kg7 95. Rg5+ Kf7 96. Rb5 Re6 97. Kg5 Ke7 98. Kf5 Rf6+ 99. Ke4 Re6+ 100. Re5 Rxe5+ 101. Kxe5 1/2-1/2


[Site "https://www.chess.com"]

[Event "Titled Tuesday Blitz April 25 Early 2023"]
[White "Milikow, Yoav"]
[Black "Andreikin, Dmitry"]
[WhiteFideId "2822237"]
[BlackFideId "4158814"]
[WhiteElo "2410"]
[BlackElo "2736"]
[Result "1-0"]
[Round "03"]
[TimeControl "180+2"]
[Date "2023.04.25"]
[WhiteClock "0:00:05"]
[BlackClock "0:00:03"]

1. d4 Nf6 2. c4 e6 3. Nc3 Bb4 4. Qc2 c5 5. dxc5 Na6 6. Nf3 Nxc5 7. g3 b6 8. Bg2 Bb7 9. O-O O-O 10. Nb5 Be4 11. Qd1 Nb7 12. Bf4 a6 13. Nd6 Bc6 14. a3 Bxd6 15. Bxd6 Nxd6 16. Qxd6 Ne4 17. Qf4 Qf6 18. Ne5 Nc5 19. Bxc6 dxc6 20. b4 Qxf4 21. gxf4 Nb3 22. Rad1 c5 23. Rd3 Nd4 24. e3 Nf5 25. Nd7 Rfe8 26. Nxb6 Ra7 27. Rfd1 cxb4 28. axb4 Kf8 29. Rd7 Rxd7 30. Rxd7 Ne7 31. Rc7 Rd8 32. Kg2 Rd2 33. Nd7+ Ke8 34. Nc5 Nf5 35. Kf1 Ra2 36. Ra7 Nd6 37. Nxa6 Rb2 38. c5 Ne4 39. b5 Rxf2+ 40. Ke1 Rxh2 41. b6 Rh1+ 42. Ke2 Rb1 43. b7 h5 44. b8=Q+ Rxb8 45. Nxb8 Nxc5 46. Ra5 Ne4 47. Kf3 Nd2+ 48. Kg3 Nc4 49. Ra8 Nxe3 50. Kh4 Nd5 51. Nc6+ Kd7 52. Ne5+ Ke7 53. Ra7+ Kd6 54. Nxf7+ Kc5 55. Kg5 h4 56. Ra3 Kd4 57. Rh3 Nc3 58. Rxh4 Ne4+ 59. Kg6 Ke3 60. Ng5 Ng3 61. Rh3 Kxf4 62. Nxe6+ Kg4 63. Rh7 Nf5 64. Nxg7 Nh4+ 65. Kf7 Nf3 66. Rh1 Ng5+ 67. Kg6 Ne4 68. Re1 Nd2 69. Nf5 Nf3 70. Re4+ Kh3 71. Rb4 Kg2 72. Kh5 Kf2 73. Nh4 Ne5 74. Re4 Nd3 75. Kg5 Nc5 76. Re5 Nd3 77. Re7 Nc5 78. Ng6 Nd3 79. Nf4 Nc5 80. Kg4 Nb3 81. Re2+ Kf1 82. Kg3 Nd4 83. Re5 Nc2 84. Ng2 Kg1 85. Re2 Kh1 86. Rxc2 Kg1 87. Rc1# 1-0


[Site "https://www.chess.com"]

[Event "Titled Tuesday Blitz April 25 Early 2023"]
[White "Martinez Alcantara, Jose Eduardo"]
[Black "Mahdavi, Reza"]
[WhiteFideId "3805662"]
[BlackFideId "12595926"]
[WhiteElo "2711"]
[BlackElo "2357"]
[Result "1/2-1/2"]
[Round "03"]
[TimeControl "180+2"]
[Date "2023.04.25"]
[WhiteClock "0:00:47"]
[BlackClock "0:00:52"]

1. e4 c5 2. Nf3 e6 3. c3 Nf6 4. Bd3 d5 5. e5 Nfd7 6. Bc2 c4 7. d4 cxd3 8. Bxd3 Nc6 9. Qe2 f6 10. exf6 Nxf6 11. Bf4 Bd6 12. Bxd6 Qxd6 13. Bb5 O-O 14. Bxc6 bxc6 15. Qe5 Qe7 16. O-O Nd7 17. Qc7 Ba6 18. Re1 Rac8 19. Qg3 Nc5 20. Nbd2 Nd3 21. Re3 Nxb2 22. Rae1 Rf6 23. Nd4 Qf7 24. Nxe6 Nd3 25. Ng5 Qg6 26. Rf1 Nf4 27. Rfe1 Nd3 28. Rf1 Nf4 29. Rfe1 Nd3 1/2-1/2


[Site "https://www.chess.com"]

[Event "Titled Tuesday Blitz April 25 Early 2023"]
[White "Atakishiyev, Elmar"]
[Black "Bluebaum, Matthias"]
[WhiteFideId "13410547"]
[BlackFideId "24651516"]
[WhiteElo "2239"]
[BlackElo "2638"]
[Result "0-1"]
[Round "03"]
[TimeControl "180+2"]
[Date "2023.04.25"]
[WhiteClock "0:00:10"]
[BlackClock "0:00:14"]

1. c4 e6 2. e4 d5 3. exd5 exd5 4. d4 Bb4+ 5. Nc3 Ne7 6. Nf3 O-O 7. Bd3 dxc4 8. Bxc4 Nbc6 9. h3 Nf5 10. Be3 Qe7 11. Qd2 Re8 12. O-O Nxe3 13. fxe3 Na5 14. Nd5 Bxd2 15. Nxe7+ Rxe7 16. Nxd2 Nxc4 17. Nxc4 Be6 18. Nd2 Bd5 19. Kf2 Rae8 20. Rfe1 Re6 21. Rac1 c6 22. a3 h6 23. Nf3 g5 24. Rc3 Kg7 25. Rec1 f6 26. Nd2 h5 27. Nb3 R6e7 28. h4 gxh4 29. Rh1 Re4 30. Nd2 Rg4 31. Nf3 f5 32. Nxh4 f4 33. exf4 Rxf4+ 34. Nf3 Kg6 35. Re3 Ref8 36. Rh3 Rxd4 37. Rg3+ Rg4 38. Re7 Rxg3 39. Kxg3 Bxf3 40. gxf3 Rf7 41. Re6+ Kf5 42. Rh6 Kg5 43. Re6 h4+ 44. Kg2 Rd7 45. Re5+ Kf6 46. Re2 Rd3 47. Rf2 Kg5 48. Re2 Kf5 49. Rc2 Rb3 50. Rc5+ Ke6 51. Rc2 Ke5 52. Rd2 c5 53. Kf2 Kf4 54. Kg2 Rxf3 55. Rd7 h3+ 56. Kh2 Rf2+ 57. Kxh3 Rxb2 58. Rc7 b6 59. Rxa7 Ke4 60. a4 c4 61. Rb7 c3 62. Rc7 c2 63. Kg3 Kd3 64. Kf3 Rb4 65. Rd7+ Rd4 0-1


[Site "https://www.chess.com"]

[Event "Titled Tuesday Blitz April 25 Early 2023"]
[White "Mamedyarov, Shakhriyar"]
[Black "Djordjevic, Vuk"]
[WhiteFideId "13401319"]
[BlackFideId "902098"]
[WhiteElo "2704"]
[BlackElo "2452"]
[Result "1-0"]
[Round "03"]
[TimeControl "180+2"]
[Date "2023.04.25"]
[WhiteClock "0:00:17"]
[BlackClock "0:00:02"]

1. d4 Nf6 2. c4 e6 3. Nc3 Bb4 4. g3 O-O 5. Bg2 d5 6. Nf3 b6 7. O-O Bb7 8. Ne5 Qc8 9. cxd5 Bxc3 10. bxc3 Bxd5 11. f3 Nbd7 12. e4 Bb7 13. Nxd7 Qxd7 14. Bg5 Ne8 15. c4 Ba6 16. Rc1 Nd6 17. Qb3 Rac8 18. Rfd1 Nb7 19. c5 Na5 20. Qa3 Bb7 21. Kh1 f5 22. Bd2 fxe4 23. fxe4 Rf2 24. Bxa5 bxa5 25. d5 exd5 26. Qb3 Ba6 27. exd5 Qf7 28. Rc2 Rxc2 29. Qxc2 Rf8 30. d6 cxd6 31. cxd6 Kh8 32. d7 Rd8 33. Qc7 Qe7 34. Qxa7 Bb5 35. Qxa5 Bxd7 36. Qc7 h6 37. h4 Qe8 38. Kh2 Qe7 39. a4 Qe8 40. a5 Qe7 41. a6 Qe8 42. a7 Qe7 43. Qxd8+ Qxd8 44. a8=Q 1-0


[Site "https://www.chess.com"]

[Event "Titled Tuesday Blitz April 25 Early 2023"]
[White "Harshavardhan G B"]
[Black "Lazavik, Denis"]
[WhiteFideId "25059009"]
[BlackFideId "13515110"]
[WhiteElo "2323"]
[BlackElo "2560"]
[Result "1/2-1/2"]
[Round "03"]
[TimeControl "180+2"]
[Date "2023.04.25"]
[WhiteClock "0:00:04"]
[BlackClock "0:00:08"]

1. e4 e5 2. Nc3 Nf6 3. Bc4 Bc5 4. d3 d6 5. h3 Nc6 6. Nge2 Be6 7. Bb3 h6 8. Be3 Bxe3 9. fxe3 d5 10. O-O dxe4 11. Bxe6 fxe6 12. Nxe4 Nxe4 13. dxe4 Qxd1 14. Raxd1 Ke7 15. a3 Rad8 16. Nc1 Rxd1 17. Rxd1 Nb8 18. Nd3 Nd7 19. a4 Rd8 20. Ra1 Nf6 21. Nxe5 Rd2 22. Ng6+ Kf7 23. Ne5+ Ke8 24. Rc1 Nxe4 25. Nf3 Rd5 26. Kf1 Ke7 27. Ke1 a5 28. Rd1 Rxd1+ 29. Kxd1 Kd6 30. Ke2 Kd5 31. Nd4 Nc5 32. b3 c6 33. Kd2 g6 34. h4 e5 35. Ne2 Ne4+ 36. Kd3 Nf2+ 37. Kd2 Ne4+ 38. Kd3 Nc5+ 39. Kd2 Ke6 40. Ng3 b5 41. axb5 cxb5 42. h5 gxh5 43. Nxh5 Kf5 44. Ng7+ Ke4 45. Ne8 Kd5 46. Nc7+ Kc6 47. Ne8 a4 48. bxa4 bxa4 49. Kc3 h5 50. Kb4 h4 51. Ng7 a3 52. Kxa3 Kd5 53. Nf5 Ke4 54. Nxh4 Kxe3 55. g4 Kf4 56. Ng6+ Kxg4 57. Nxe5+ Kf5 58. Nc6 Ke6 59. Kb4 Kd6 60. Nd4 Kd5 61. Nb5 Nd7 62. Nc3+ Kc6 63. Ne4 Ne5 64. Nd2 Kd5 65. Kc3 Kc6 66. Nb3 Nd7 67. Kd4 Nb6 68. Na5+ Kb5 69. Nb7 Kc6 70. Nd8+ Kd7 71. Nf7 Kc6 72. Ne5+ Kb5 73. c3 Na4 74. c4+ Kb6 75. Kd5 Kc7 76. Nd3 Nb6+ 77. Kd4 Nxc4 1/2-1/2


[Site "https://www.chess.com"]

[Event "Titled Tuesday Blitz April 25 Early 2023"]
[White "Duda, Jan-Krzysztof"]
[Black "Csonka, Balazs"]
[WhiteFideId "1170546"]
[BlackFideId "742910"]
[WhiteElo "2790"]
[BlackElo "2404"]
[Result "1-0"]
[Round "03"]
[TimeControl "180+2"]
[Date "2023.04.25"]
[WhiteClock "0:00:12"]
[BlackClock "0:00:01"]

1. d4 d5 2. c4 e6 3. g3 dxc4 4. Bg2 c5 5. Nf3 Nc6 6. Qa4 cxd4 7. Nxd4 Qxd4 8. Bxc6+ Bd7 9. Be3 Qd6 10. Bxd7+ Qxd7 11. Qxc4 Nf6 12. Nc3 Rc8 13. Qb3 Bc5 14. Bg5 Be7 15. O-O O-O 16. e4 h6 17. Be3 Bc5 18. e5 Ng4 19. Bxc5 Rxc5 20. Qb4 Rxc3 21. Qxc3 Rc8 22. Rad1 Qe8 23. Qd4 h5 24. h3 Nh6 25. Qd7 Qf8 26. Qxb7 Nf5 27. Qxa7 Qb4 28. Rd7 Rf8 29. Rb7 Qe4 30. Rb8 Rxb8 31. Qxb8+ Kh7 32. Rd1 Nxg3 33. Kh2 Ne2 34. Qb3 Qf4+ 35. Kg2 Qxe5 36. Qe3 Nf4+ 37. Kf3 Qf6 38. Qxf4 Qxb2 39. Qe4+ f5 40. Qxe6 Qa3+ 41. Kg2 1-0


[Site "https://www.chess.com"]

[Event "Titled Tuesday Blitz April 25 Early 2023"]
[White "Omranalhosani21"]
[Black "Le, Tuan Minh"]
[BlackFideId "12401153"]
[WhiteElo "2765"]
[BlackElo "2566"]
[Result "0-1"]
[Round "03"]
[TimeControl "180+2"]
[Date "2023.04.25"]
[WhiteClock "0:00:02"]
[BlackClock "0:00:57"]

1. d4 d5 2. c4 c6 3. Nc3 Nf6 4. e3 a6 5. cxd5 cxd5 6. Nf3 Nc6 7. Bd3 Bg4 8. Qb3 Na5 9. Qc2 Bxf3 10. gxf3 e6 11. Bd2 Nc6 12. f4 Nb4 13. Qb1 Nxd3+ 14. Qxd3 Rc8 15. f3 g6 16. O-O-O Be7 17. Kb1 O-O 18. e4 Qd7 19. Rhg1 Rfd8 20. Be3 Bb4 21. Ne2 Rc6 22. f5 dxe4 23. fxe4 exf5 24. exf5 Nd5 25. Bc1 Rdc8 26. fxg6 fxg6 27. h4 Bf8 28. h5 Nb4 29. Qb3+ Kh8 30. a3 Qf5+ 31. Ka1 Qd5 32. Qxd5 Nxd5 33. hxg6 hxg6 34. Bg5 Bg7 35. Nf4 Rd6 36. Nxd5 Rxd5 37. Be3 Rc6 38. Rg4 Re6 39. Rd3 Kh7 40. Ka2 b5 41. Bd2 Kg8 42. Bc3 Kf7 43. Rf3+ Rf6 44. Rfg3 Bf8 45. Rh3 Rh5 46. Rd3 Bd6 47. d5 Rff5 48. a4 Rxd5 49. Rxd5 Rxd5 50. axb5 axb5 51. Kb3 g5 52. Kc2 Kg6 53. Rg2 Bf4 54. b4 Kf5 55. Kb3 Ke4 56. Re2+ Kf3 57. Re8 g4 58. Be1 Re5 59. Rxe5 Bxe5 60. Kc2 Ke2 61. Bh4 g3 62. Bxg3 Bxg3 0-1


[Site "https://www.chess.com"]

[Event "Titled Tuesday Blitz April 25 Early 2023"]
[White "Moussard, Jules"]
[Black "Postny, Evgeny"]
[WhiteFideId "642908"]
[BlackFideId "2804344"]
[WhiteElo "2610"]
[BlackElo "2504"]
[Result "1-0"]
[Round "03"]
[TimeControl "180+2"]
[Date "2023.04.25"]
[WhiteClock "0:00:40"]
[BlackClock "0:00:03"]

1. e4 c5 2. Nf3 e6 3. b3 Nc6 4. Bb2 d6 5. d4 cxd4 6. Nxd4 Nf6 7. Nc3 Be7 8. Qd2 O-O 9. O-O-O a6 10. f3 Qc7 11. Kb1 b5 12. g4 Nd7 13. h4 Nc5 14. g5 b4 15. Nce2 e5 16. Nf5 Rd8 17. Neg3 Bf8 18. h5 Be6 19. h6 g6 20. Ne3 a5 21. Nd5 Bxd5 22. exd5 Nb8 23. f4 Nbd7 24. Bb5 a4 25. Qxb4 Rdb8 26. Qc4 axb3 27. cxb3 Qa7 28. a4 Nb6 29. Qb4 Nbxa4 30. bxa4 Nxa4 31. Qxa4 Qxa4 32. Bxa4 Rxa4 33. fxe5 dxe5 34. d6 Rd8 35. Bxe5 Rb4+ 36. Kc2 Rc8+ 37. Kd3 Rb5 38. d7 Rd8 39. Ke4 Be7 40. Bc7 Rb4+ 41. Kf3 Bxg5 42. Bxd8 Bxd8 43. Rhe1 1-0


[Site "https://www.chess.com"]

[Event "Titled Tuesday Blitz April 25 Early 2023"]
[White "Paravyan, David"]
[Black "Papasimakopoulos, Alexandros"]
[WhiteFideId "4194985"]
[BlackFideId "4244125"]
[WhiteElo "2563"]
[BlackElo "2359"]
[Result "1-0"]
[Round "03"]
[TimeControl "180+2"]
[Date "2023.04.25"]
[WhiteClock "0:00:46"]
[BlackClock "0:01:27"]

1. e4 e6 2. d4 d5 3. Nd2 Nf6 4. e5 Nfd7 5. Ngf3 c5 6. c3 Nc6 7. Bd3 a5 8. O-O Be7 9. Re1 cxd4 10. cxd4 g5 11. h3 h5 12. Nf1 g4 13. hxg4 hxg4 14. N3h2 Bb4 15. Re3 Qh4 16. Rg3 f5 17. exf6 Bd6 18. Qxg4 Bxg3 19. Qg6+ Kd8 20. Qxg3 Qxg3 21. Nxg3 Rf8 22. Ng4 e5 23. Bh6 Nxf6 24. Nxf6 Rxf6 25. Bg5 Ke7 26. Nh5 Nxd4 27. Bxf6+ Kd6 28. f4 Nc6 29. fxe5+ Nxe5 30. Bxe5+ Kxe5 31. Re1+ Kd4 32. Nf4 Bd7 33. Be2 Bc6 34. Bf3 a4 35. Kf2 a3 36. Ne6+ Kd3 37. Re3+ Kc2 38. Rxa3 Rxa3 39. bxa3 Kb2 40. Nd4 Bd7 41. Bxd5 Kxa3 42. Bb3 Kb4 43. Ke3 Kc5 44. Ne2 Kd6 45. Nf4 Ke5 46. Nd3+ Kf5 47. Nf2 Bc6 48. g4+ Ke5 49. Nd3+ Kf6 50. Kf4 Bb5 51. Ne5 Be8 52. g5+ Ke7 53. Nf3 Bh5 54. Nh4 Kd6 55. Nf5+ Kd7 56. Ke5 Ke8 57. Kf6 Kf8 58. Ne7 Ke8 59. g6 Bxg6 60. Nxg6 Kd7 61. Ke5 1-0


[Site "https://www.chess.com"]

[Event "Titled Tuesday Blitz April 25 Early 2023"]
[White "Deepan Chakkravarthy J."]
[Black "Deac, Bogdan-Daniel"]
[WhiteFideId "5011132"]
[BlackFideId "1226380"]
[WhiteElo "2367"]
[BlackElo "2649"]
[Result "0-1"]
[Round "03"]
[TimeControl "180+2"]
[Date "2023.04.25"]
[WhiteClock "0:01:36"]
[BlackClock "0:01:05"]

1. e4 c6 2. d3 d5 3. Nd2 Qc7 4. Ngf3 Bg4 5. Be2 e6 6. O-O Nd7 7. h3 Bh5 8. c3 Ngf6 9. b4 Bd6 10. a4 Bg6 11. Qc2 a5 12. Rb1 axb4 13. cxb4 O-O 14. Nh4 Rfc8 15. Nxg6 hxg6 16. Bb2 Bxb4 17. Bxf6 Bxd2 18. Bxg7 Kxg7 19. Qxd2 dxe4 20. dxe4 Rxa4 21. Qb2+ Nf6 22. f3 b5 23. Rfc1 Qa7+ 24. Kh1 Ra2 0-1


[Site "https://www.chess.com"]

[Event "Titled Tuesday Blitz April 25 Early 2023"]
[White "Korobov, Anton"]
[Black "Liyanage, Ranindu Dilshan"]
[WhiteFideId "14105730"]
[BlackFideId "9915834"]
[WhiteElo "2638"]
[BlackElo "2199"]
[Result "1-0"]
[Round "03"]
[TimeControl "180+2"]
[Date "2023.04.25"]
[WhiteClock "0:00:18"]
[BlackClock "0:00:03"]

1. c4 e6 2. d4 d5 3. Nc3 Bb4 4. a3 Bxc3+ 5. bxc3 Nf6 6. e3 c5 7. Bd3 dxc4 8. Bxc4 Qc7 9. Ba2 O-O 10. Ne2 Rd8 11. f3 Nc6 12. O-O e5 13. d5 Ne7 14. c4 Ng6 15. e4 b6 16. Be3 Nh5 17. Qd2 Nhf4 18. Ng3 Nh4 19. Rf2 Nfxg2 20. Bh6 Nf4 21. Bxf4 exf4 22. Ne2 Qe5 23. Rd1 g5 24. Kh1 Bh3 25. Rg1 Kf8 26. Qc3 Qxc3 27. Nxc3 h6 28. a4 Ng6 29. Rb1 Ne5 30. Rbb2 f5 31. Kg1 Nd3 32. Rfd2 Nxb2 33. Rxb2 fxe4 34. fxe4 Re8 35. Kf2 Re5 36. a5 Rb8 37. Bb1 Bd7 38. Bd3 g4 39. Ne2 Rh5 40. Kg1 f3 41. Nf4 Rg5 42. e5 Bf5 43. e6 Bxd3 44. Nxd3 Ke7 45. Nxc5 Rc8 46. axb6 axb6 47. d6+ Kxd6 48. Ne4+ Kxe6 49. Rxb6+ Kf5 50. Nd6+ Kf4 51. Nxc8 g3 52. hxg3+ Kxg3 53. Kf1 Rh5 54. Rg6+ Kf4 55. Nd6 Rh1+ 56. Kf2 Rh2+ 57. Kg1 Ke5 58. Kxh2 1-0


[Site "https://www.chess.com"]